 Dungeon Crawl Stone Soup version 0.28.0-43-g3370ac3207 (webtiles) character file.

Game seed: 1894928856284604927

63 Faeu the Shield-Bearer (level 3, 0/33 HPs)
             Began as a Minotaur Fighter on Mar 27, 2022.
             Slain by Sigmund
             ... wielding a +0 scythe
              (11 damage)
             ... on level 2 of the Dungeon.
             The game lasted 00:03:53 (1418 turns).

Faeu the Shield-Bearer (Minotaur Fighter)           Turns: 1418, Time: 00:03:53

Health: 0/33       AC:  7    Str: 22    XL:     3   Next: 87%
Magic:  2/2        EV:  9    Int:  5    God:
Gold:   34         SH:  4    Dex:  9    Spells: 2/2 levels left

rFire   . . .      SeeInvis .   a - +0 long sword {long}
rCold   . . .      Faith    .   c - +0 buckler
rNeg    . . .      Spirit   .   b - +0 scale mail
rPois   .          Reflect  .   (helmet restricted)
rElec   .          Harm     .   (no cloak)
rCorr   .          Rampage  .   (no gloves)
Will    .....                   (no boots)
Stlth   ..........              (no amulet)
HPRegen 0.11/turn               (no ring)
MPRegen 0.08/turn               (no ring)

@: no status effects
A: horns 2, retaliatory headbutt
a: no special abilities


You were on level 2 of the Dungeon.
You visited 1 branch of the dungeon, and saw 2 of its levels.

You collected 34 gold pieces.


Innate Abilities, Weirdness & Mutations

You have a pair of horns on your head.
You reflexively headbutt those who attack you in melee.


   Skills:
 + Level 4.2 Fighting
 + Level 3.2 Long Blades
 + Level 4.3 Armour
 + Level 4.3 Shields


You had 2 spell levels left.
You didn't know any spells.
Your spell library contained the following spells:

 Spells                   Type           Power      Damage    Failure   Level
 Pain                     Necr           0%         1d4       87%         1
 Agony                    Necr           0%         N/A       100%        5
 Excruciating Wounds      Necr           0%         N/A       100%        5

Inventory:

Hand Weapons
 a - a +0 long sword (weapon) {long}
Armour
 b - a +0 scale mail (worn)
 c - a +0 buckler (worn)
Scrolls
 e - 2 scrolls of fog {unknown}
 f - a scroll of brand weapon {unknown}
Potions
 d - a potion of might
 g - a potion of degeneration {unknown}

Dungeon Overview and Level Annotations

Branches:
Dungeon (2/15)

Altars:

Annotations:
D:2 Sigmund

###.#.# #.#.# ###...#
#...... #......
############# #......
#...........# #....>.
#.#########.# #......
#.###@....#.########..
#....#{##.#.##........
####.#... #.###.......
#....#<...#.# #..≈≈...
#.#####...#.# #.≈..≈.†
.. ...#.##≈≈≈..≈.. #.
######.#≈≈≈..≈..≈ ..
#......#≈≈...≈.⌠≈ .
.######.######≈≈..≈..≈⌠


There were no monsters in sight!


Message History

A goblin comes into view. It is wielding a +0 dagger.
The goblin shouts!
You hear an angry hiss. 😎 HP[+7]
An adder comes into view.
The adder hisses angrily.
The goblin hits you but does no damage.
You barely miss the goblin.
The goblin hits you with a +0 dagger. 😕 HP[-2]
You take 2 damage, and now have 31/33 hp.
You barely miss the goblin. The goblin completely misses you.
You furiously retaliate!
You headbutt the goblin!
You kill the goblin!
You closely miss the adder. The adder bites you.
The adder bites you but does no damage. 😕 HP[-4]
You take 4 damage, and now have 27/33 hp.
You closely miss the adder. The adder bites you.
You are poisoned.
The adder poisons you! The adder closely misses you. 😮 HP[-4]
You take 4 damage, and now have 23/33 hp.
You miss the adder. Your headbutt misses the adder.
You feel very sick.
The adder bites you but does no damage. 😮 HP[-3]
You take 3 damage, and now have 20/33 hp.
You hit the adder. You headbutt the adder.
You feel sick. The adder closely misses you.
A goblin comes into view. It is wielding a +0 dagger.
The adder barely misses you. You furiously retaliate!
You headbutt the adder, but do no damage.
You closely miss the adder.
You feel sick. The adder bites you.
* * * LOW HITPOINT WARNING * * *
The adder bites you.
* * * LOW HITPOINT WARNING * * *
😨 HP[-5]
You take 5 damage, and now have 15/33 hp.
You closely miss the adder. Your headbutt misses the adder.
You feel sick. You block the adder's attack. 😨 HP[-1]
You take 1 damage, and now have 14/33 hp.
You closely miss the adder.
You feel sick.
You are no longer poisoned.
The adder bites you but does no damage. You block the adder's attack. 😨 HP[-2]
You take 2 damage, and now have 12/33 hp.
You slash the adder!
You kill the adder!
The goblin barely misses you.
You barely miss the goblin. You block the goblin's attack.
You slash the goblin!
You kill the goblin!
You see here a +0 dagger {short}.
You see here a +0 dagger {short}. 😨 HP[+1]
You start resting.
HP restored. 😎 HP[+20]
You see here a +0 dagger {short}.
A worm comes into view.
You slash the worm! You headbutt the worm!
You kill the worm!
You see here a worm corpse.
You enter the shallow water.
Moving in this stuff is going to be slow.
You enter the shallow water.
Moving in this stuff is going to be slow.
Sigmund the Dreaded comes into view.
He is wielding a +0 scythe.
Sigmund hits you with a +0 scythe. 😕 HP[-3]
You take 3 damage, and now have 30/33 hp.
You barely miss Sigmund. Sigmund barely misses you.
You closely miss Sigmund. You headbutt Sigmund! You hit Sigmund.
Sigmund hits you with a +0 scythe! 😮 HP[-8]
You take 8 damage, and now have 22/33 hp.
MASSIVE DAMAGE!! (PAUSE)
You hit Sigmund but do no damage. Your headbutt misses Sigmund.
Sigmund screams, "Die, monster!"
Sigmund hits you with a +0 scythe. 😮 HP[-1]
You take 1 damage, and now have 21/33 hp.
You closely miss Sigmund.
Sigmund casts a spell.
Sigmund flickers and vanishes!
Deactivating autopickup; reactivate with Ctrl-A.
You hit something but do no damage. Your headbutt misses something.
Something hits you.
* * * LOW HITPOINT WARNING * * *
😨 HP[-5]
You take 5 damage, and now have 16/33 hp.
You barely miss something.
You hear some strange, mumbled words.
A puff of flame appears from out of thin air!
The puff of flame hits you.
* * * LOW HITPOINT WARNING * * *
😨 HP[-5]
You take 5 damage, and now have 11/33 hp.
You closely miss something. Something hits you!
You die...

Skill      XL: |  1  2 |
---------------+-------+-----
Shields        | 4 |  4.3
Fighting       | 4 |  4.2
Armour         | 4 |  4.3
Long Blades    | 3 |  3.2

Action                   || total
-------------------------++-------
Melee: Long sword        ||   106
       Headbutt          ||    11
Armor: Scale mail        ||    41
Dodge: Dodged            ||    60
Block: Buckler           ||    30

Levels and vault maps discovered:
D:1:      nicolae_arrival_somewhat_less_tricky_arrival, layout_loops_cross,
          minmay_pentomino_x4
D:2:      cheibrodos_helix_gallery, layout_basic, basic_altar, uniq_sigmund

Notes
Turn   | Place    | Note
-------+----------+-------------------------------------------
     0 | D:1      | Faeu the Minotaur Fighter began the quest for the Orb.
     0 | D:1      | Reached XP level 1. HP: 19/19 MP: 0/0
     0 | D:1      | magus.rc [v1.9.6]
    54 | D:1      | Reached XP level 2. HP: 24/27 MP: 1/1
   252 | D:1      | Reached skill level 4 in Shields
   254 | D:1      | magus.rc [v1.9.6]
   282 | D:1      | Reached skill level 4 in Fighting
   447 | D:1      | You pick up a book of Pain and begin reading...
   447 | D:1      | You add the spells Pain, Agony and Excruciating Wounds to
                  | your library.
   456 | D:1      | Reached skill level 4 in Armour
   513 | D:1      | Reached skill level 3 in Long Blades
   513 | D:1      | Reached XP level 3. HP: 33/33 MP: 2/2
  1410 | D:2      | Noticed Sigmund
  1418 | D:2      | Slain by Sigmund

Vanquished Creatures
  An adder (D:2)
  2 worms (D:2)
  A dart slug (D:1)
  4 endoplasms (D:1)
  2 giant cockroaches (D:1)
  7 goblins
  3 hobgoblins (D:1)
  4 jackals (D:1)
  2 quokkas
  6 ball pythons
  A bat (D:1)
  2 frilled lizards (D:1)
  4 kobolds (D:1)
  2 rats
41 creatures vanquished.

Table legend:
 A = Non-vault XP
 B = Vault XP
 C = Vault XP percentage of total XP
 D = Non-vault monster count
 E = Vault monster count
 F = Vault count percentage of total count
                 A         B        C        D         E       F
            +---------+---------+-------+---------+---------+-------
      Total |      77 |      13 |  14.4 |      36 |       5 |  12.2
            +---------+---------+-------+---------+---------+-------
        D:1 |      52 |       6 |  10.3 |      30 |       3 |   9.1
        D:2 |      25 |       7 |  21.9 |       6 |       2 |  25.0
            +---------+---------+-------+---------+---------+-------

Illustrated notes

Table legend:
 A = Kills in this place as a percentage of kills in entire the game.
 B = Kills by you in this place as a percentage of kills by you in the entire game.
 C = Kills by friends in this place as a percentage of kills by friends in the entire game.
 D = Other kills in this place as a percentage of other kills in the entire game.
 E = Experience gained in this place as a percentage of experience gained in the entire game.
 F = Experience gained in this place divided by the number of levels of this place that you have seen.
                   A       B       C       D       E      F
               +-------+-------+-------+-------+-------+----------------------
         Total | 100.0 | 100.0 |   N/A |   N/A | 100.0 |  45.0
       Dungeon | 100.0 | 100.0 |   N/A |   N/A | 100.0 |  45.0
               +-------+-------+-------+-------+-------+----------------------

Table legend: (Time is in decaauts)
 A = Elapsed time spent in this place.
 B = Non-inter-level travel time spent in this place.
 C = Inter-level travel time spent in this place.
 D = Time resting spent in this place.
 E = Time spent auto-exploring this place.
 F = Levels seen in this place.
 G = Mean time per level.
                   A        B        C        D        E       F      G
               +--------+--------+--------+--------+--------+-----+--------+
         Total |   1449 |   1433 |     16 |    182 |    911 |   2 |  724.5 |
       Dungeon |   1449 |   1433 |     16 |    182 |    911 |   2 |  724.5 |
               +--------+--------+--------+--------+--------+-----+--------+

Top non-repeatable levels by time:
     D:1: 965 daAuts
     D:2: 484 daAuts
